Cogmind - Beta 15 X1 @@@ ROGUE MODE // 2024.11.17 @ 15:33:30 Player: Some Pennies Result: Destroyed by Y-45 Defender with Beam Rifle Performance ------------- Evolutions (2) 1000 Regions Visited (6) 1200 Robots Destroyed (174) 870 Value Destroyed (6048) 6048 Prototype IDs (15) 300 Alien Tech Used (0) 0 Bonus (1494) 1494 TOTAL SCORE: 10912 Bonus ------- High Alert Combat Kills 883 Follower Combat Kills 411 Entered Garrisons 200 Cogmind --------- Core Integrity 0/550 Matter 161/300 Energy 170/170 System Corruption 12% Temperature Cool (9) Movement Treading (400) Ox3 Location -8/Materials Parts ------- > --- POWER (1) -------- Makeshift Power Source > --- PROPULSION (4) --- Improved Medium Treads > --- UTILITY (4) ------ Improved Heat Sink Huge Storage Unit Improved Signal Interpreter > --- WEAPON (2) ------- Hypervelocity Coil Gun Enhanced Gauss Cannon > --- INVENTORY (25) --- Makeshift Power Source Improved Flight Unit Cesium-ion Thruster Improved VTOL Module Nuclear Pulse Array Advanced Cooling System Medium Storage Unit Experimental Sensor Array Improved Signal Interpreter Makeshift Light Armor Plating Hacking Suite Hacking Suite Advanced Hacking Suite System Shield High-powered Shock Rifle Long-range Proton Cannon Mass Driver Mini Grenade Launcher Missile Launcher Improved Datajack Improved Plasma Cutter Multitool Makeshift Spear Peak State ------------ > --- POWER ------------ Reinforced Deuterium Engine > --- PROPULSION ------- Light Treads Light Treads Improved Medium Treads Improved Medium Treads > --- UTILITY ---------- Advanced Cooling System Huge Storage Unit Improved Signal Interpreter Makeshift System Restoration Module > --- WEAPON ----------- Mass Driver Enhanced Gauss Cannon > --- INVENTORY -------- Makeshift Power Source Makeshift Power Source Light Treads Improved Flight Unit Cesium-ion Thruster Improved VTOL Module Nuclear Pulse Array Medium Storage Unit Experimental Sensor Array Improved Signal Interpreter Makeshift Light Armor Plating Layered Medium Armor Plating Hacking Suite Advanced Hacking Suite System Shield Advanced Beam Rifle Long-range Proton Cannon Hypervelocity Coil Gun Mini Grenade Launcher Missile Launcher Improved Datajack Improved Plasma Cutter Multitool Makeshift Spear [Rating: 52] Favorites ----------- Power Ion Engine Engine Ion Engine Power Core Light Nuclear Core Propulsion Light Treads Treads Light Treads Wheel Subdweller Monowheel Flight Unit Flight Unit Utility Huge Storage Unit Device Improved Terrain Scanner Storage Huge Storage Unit Processor Improved Signal Interpreter Hackware Hacking Suite Protection Layered Medium Armor Plating Weapon Assault Rifle Energy Gun Beamcaster Energy Cannon Advanced Beam Cannon Ballistic Gun Assault Rifle Ballistic Cannon Enhanced Gauss Cannon Launcher Mini Grenade Launcher Piercing Weapon Makeshift Spear Special Melee Weapon Dirty Datajack Build | -11 -10 -10 -10 -8 -8 -8 ------- Run | Yrd Mat Min Sub Mat Gar Mat Slots Evolved 4 | . . . . 4 . . Power . | . . . . . . . Propulsion 2 | . . . . 2 . . Utility 2 | . . . . 2 . . Weapon . | . . . . . . . Parts Attached 107 | 7 9 3 19 45 23 1 Power 11 | 1 1 . 3 5 1 . Engine 10 | 1 1 . 3 4 1 . Core 1 | . . . . 1 . . Reactor . | . . . . . . . Propulsion 30 | 2 2 . 3 15 8 . Treads 26 | 2 2 . 3 11 8 . Leg . | . . . . . . . Wheel 1 | . . . . 1 . . Hover . | . . . . . . . Flight 3 | . . . . 3 . . Utility 29 | 2 2 2 4 12 6 1 Device 16 | 1 1 2 3 4 5 . Storage 2 | 1 1 . . . . . Processor 2 | . . . . 2 . . Hackware 1 | . . . . 1 . . Protection 8 | . . . 1 5 1 1 Artifact . | . . . . . . . Weapon 37 | 2 4 1 9 13 8 . Energy Gun 17 | . 2 1 4 7 3 . Energy Cannon 4 | . . . 1 2 1 . Ballistic Gun 9 | 2 2 . 2 2 1 . Ballistic Cannon 2 | . . . . . 2 . Launcher 2 | . . . 1 1 . . Special Weapon . | . . . . . . . Impact Weapon . | . . . . . . . Slashing Weapon . | . . . . . . . Piercing Weapon 2 | . . . 1 . 1 . Special Melee Weapon 1 | . . . . 1 . . Unidentified Prototypes 12 | . . 1 . 11 . . Corrupted Parts 4 | . . . 1 . 3 . System Corruption 18 | . . . 1 . 17 . Parts Lost 27 | . 1 . 14 3 4 5 Power 1 | . . . 1 . . . Propulsion 13 | . . . 5 2 2 4 Utility 4 | . . . 2 . 1 1 Weapon 9 | . 1 . 6 1 1 . Highest Loss Streak 6 | . 1 . 6 2 4 4 To Critical Strikes 1 | . . . 1 . . . Average Backups 22 | 4 18 24 23 24 24 23 Power 1 | . 1 2 2 1 2 1 Propulsion 4 | . 4 5 2 3 4 4 Utility 8 | 1 6 8 8 8 8 8 Weapon 6 | 1 5 7 6 7 6 6 Tool/Special . | . . . . . . . Unused Backups 46 | 3 3 10 1 13 4 12 Power 2 | . . 2 . . . . Propulsion 7 | . . 1 . 1 3 2 Utility 18 | 1 2 4 1 5 . 5 Weapon 15 | 2 1 3 . 6 1 2 Tool/Special 4 | . . . . 1 . 3 Average Slot Usage (%) 99 | . 99 100 98 99 98 98 Engine 11 | . 14 14 13 9 9 8 Treads 31 | . 27 28 27 35 35 35 Device 9 | . 14 14 8 5 7 9 Storage 11 | . 14 14 14 9 9 9 Processor 3 | . . . . 6 9 9 Hackware 2 | . . . . 7 2 . Protection 4 | . . . 5 8 7 8 Energy Gun 6 | . 2 9 16 5 . . Energy Cannon 5 | . . . 6 12 4 . Ballistic Gun 8 | . 25 18 3 . . 1 Ballistic Cannon 2 | . . . . . 12 16 Peak Build Rating 52 | 8 12 18 28 38 52 50 Average Rating 26 | 6 10 16 22 32 44 49 On Entrance 20 | . 7 11 18 24 31 50 Naked Turns . | . . . . . . . Heaviest Build 126 | 12 91 93 105 107 126 122 Greatest Support 100 | 40 40 40 40 80 100 100 Greatest Overweight (x) 5 | . 4 2 4 5 4 1 Average Overweight (x) 1 | . 1 2 2 1 1 1 Largest Inventory Capacity 25 | 8 25 25 25 25 25 25 Average Capacity 24 | 7 23 25 25 25 25 25 Most Carried 25 | 8 25 25 25 25 25 25 Average Carried 22 | 4 18 24 23 24 24 24 Final Capacity 25 | 8 25 25 25 25 25 25 Final Carried 25 | 7 24 25 24 25 25 24 Class Distribution -------------------- 56% | Scavenger-Mutant 41% | Mutant Dominant Class ---------------- Mutant | -10/Materials Scavenger-Mutant | -10/Mines Mutant | -10/Subcaves Scavenger-Mutant | -8/Materials Scavenger-Mutant | -8/Garrison Scavenger-Mutant | -8/Materials Resources | -11 -10 -10 -10 -8 -8 -8 ----------- Run | Yrd Mat Min Sub Mat Gar Mat Matter Collected 3946 | 414 607 127 494 691 986 627 Remotely . | . . . . . . . Salvage Created 6553 | 216 1187 194 651 2527 900 878 Parts 366 | 23 55 11 39 126 63 49 Haulers Intercepted 6 | . 2 . . 4 . . Recyclers Shooed 6 | . 4 . . 1 . 1 Parts Field Recycled . | . . . . . . . Retrieved Matter . | . . . . . . . Parts Self-Destructed 8 | . . . 8 . . . Prevented . | . . . . . . . Kills | -11 -10 -10 -10 -8 -8 -8 ------- Run | Yrd Mat Min Sub Mat Gar Mat Combat Hostiles Destroyed 118 | . 15 6 14 38 26 19 Melee 3 | . . . . 3 . . Guns 46 | . 15 3 7 19 . 2 Cannons 52 | . . . 3 14 21 14 AOE 13 | . . 3 3 . 4 3 Classes Destroyed 18 | 2 7 . 4 . 3 2 Worker 8 | . 3 . . 4 . 1 Builder 6 | . 1 1 . 2 . 2 Tunneler 8 | 7 . . . . . 1 Hauler 6 | . 2 . . 4 . . Recycler 11 | 1 4 . . 6 . . Operator 7 | . 2 . . 3 . 2 Watcher 8 | . 3 . . 5 . . Swarmer 27 | . 3 3 . 14 7 . Grunt 49 | . 12 3 . 16 8 10 Brawler 3 | . . . . . 1 2 Sentry 19 | . . . 1 9 7 2 Specialist 4 | . . . . . . 4 Programmer 2 | . . . . . 2 . Heavy 1 | . . . . . . 1 Behemoth 1 | . . . . . 1 . Artisan 1 | . . . 1 . . . Cobbler 1 | . . . 1 . . . Subdweller 13 | . . . 13 . . . Thug 1 | . . . . . . 1 Best Kill Streak 6 | 2 4 3 3 6 5 5 Combat Bots Only 6 | . 3 3 3 6 5 4 Max Kills in Single Turn 3 | 1 2 3 1 2 3 3 Gunslinging 1 | . 1 . . . . . Exploded 3 | . . 3 1 . 3 3 Melee 1 | . . . . 1 . . Uniques/NPCs Destroyed . | . . . . . . . Combat | -11 -10 -10 -10 -8 -8 -8 -------- Run | Yrd Mat Min Sub Mat Gar Mat Hostile Shots Fired 539 | . 70 2 84 164 128 91 Missed 150 | . 19 . 27 40 35 29 Damage Taken 6910 | . 605 26 1657 1560 1758 1304 Core 799 | . 79 . 170 180 194 176 Absorbed by Shields . | . . . . . . . Ignored by Resistances 29 | . . . . 29 . . Regen/Repaired (Parts) 591 | . 300 . . 291 . . Core Remaining (%) 50 | 100 . . . . . . Volleys Fired 508 | 36 104 31 68 136 84 49 Largest 2 | 2 2 2 2 2 2 2 Hottest 140 | 40 85 95 140 140 128 94 Shots Fired 943 | 72 204 45 114 271 139 98 Gun 615 | 72 204 45 97 171 8 18 Cannon 317 | . . . 10 100 128 79 Launcher 11 | . . . 7 . 3 1 Special . | . . . . . . . Kinetic 478 | 72 176 22 30 2 79 97 Thermal 386 | . 12 23 40 269 42 . Explosive 11 | . . . 7 . 3 1 Electromagnetic 68 | . 16 . 37 . 15 . Robot Hit Streak 39 | 8 9 7 26 27 39 18 Robot Miss Streak 5 | 5 4 2 2 5 4 2 Penetration Max 1 | . . . . . . 1 Secondary Targets 5 | . 2 . . 3 . . Max Gunslinging Chain 1 | . 1 . . 1 . . Shots Hit Robots 582 | 40 125 16 91 175 71 64 Core Hits 258 | 13 52 9 31 81 38 34 Critical Kills 5 | . . . . . . 5 Critical Parts Destroyed 2 | . 1 . . . . 1 Critical Strikes 30 | . 1 . 3 12 2 12 Burn 14 | . . . 3 11 . . Destroy 7 | . 1 . . . . 6 Blast 7 | . . . . . 1 6 Corrupt 1 | . . . . . 1 . Impale 1 | . . . . 1 . . Melee Attacks 17 | . . . 7 10 . . Impact . | . . . . . . . Slashing . | . . . . . . . Piercing 17 | . . . 7 10 . . Sneak Attacks 3 | . . . . 3 . . Combat Hostiles 2 | . . . . 2 . . Follow-up Attacks . | . . . . . . . Damage Inflicted 12777 | 431 1550 457 1801 3848 2246 2444 Guns 6115 | 431 1546 233 1334 2306 112 153 Cannons 5319 | . . . 184 1370 1826 1939 Explosions 1167 | . . 224 283 . 308 352 Melee 166 | . . . . 166 . . Ramming 10 | . 4 . . 6 . . Kinetic 5600 | 431 1312 147 353 29 1236 2092 Thermal 5440 | . 134 310 658 3647 545 146 Explosive 694 | . . . 247 . 241 206 Electromagnetic 867 | . 100 . 543 . 224 . Impact . | . . . . . . . Slashing . | . . . . . . . Piercing 166 | . . . . 166 . . Highest Corruption 17 | . 1 1 3 . 17 12 Average Corruption 4 | . 1 1 2 . 11 12 Corruption Purged 11 | . . . . . 11 . Corruption Blocked . | . . . . . . . Effects 158 | . 8 20 40 . 52 38 Message Errors 43 | . 1 5 13 . 13 11 Matter Fused 35 | . 3 5 9 . 14 4 Heat Flow Errors 14 | . . 1 4 . 7 2 Energy Discharges 19 | . . 3 3 . 7 6 Parts Rejected 1 | . . . 1 . . . Parts Fused 1 | . 1 . . . . . Data Loss (minor) 22 | . 1 4 7 . 4 6 Data Loss (major) 10 | . 2 1 . . 4 3 Misfires 6 | . . 1 1 . 1 3 Alerts 3 | . . . 2 . . 1 Weapon Failures 4 | . . . . . 2 2 Overload Shots . | . . . . . . . Overflow Damage 172 | . . 43 5 51 12 61 Projectiles 95 | . . . . 51 12 32 Explosions 77 | . . 43 5 . . 29 Melee . | . . . . . . . Knockbacks 20 | . . . . . 8 12 Impact . | . . . . . . . Kinetic 20 | . . . . . 8 12 Secondary . | . . . . . . . Self-Inflicted Damage 178 | . . . 40 . 106 32 Shots 5 | . . . 2 . 2 1 Rammed 1 | . 1 . . . . . Targets Rammed 2 | . 1 . . 1 . . Kicked . | . . . . . . . Crushed 1 | . . . . 1 . . Highest Temperature 451 | . 192 184 262 451 406 216 Average Temperature 66 | . 42 54 64 66 92 36 Received Heat Transfer 1662 | . 306 15 126 639 288 288 Effects 4 | . . . 1 2 1 . Shutdowns 1 | . . . . 1 . . Energy Bleed 2 | . . . 1 . 1 . Interference 1 | . . . . 1 . . Siege Activations . | . . . . . . . Martial Activations . | . . . . . . . Shielding Activations . | . . . . . . . Robots Disrupted . | . . . . . . . Combat Hostiles . | . . . . . . . Robots Corrupted 2 | . . . 1 . 1 . Combat Hostiles 2 | . . . 1 . 1 . Parts Fried 4 | . . . 4 . . . Impact Corruptions . | . . . . . . . Robots Melted 2 | . . . . 2 . . Combat Hostiles 2 | . . . . 2 . . Parts Melted 16 | . . 1 2 10 3 . Heat Transferred 10295 | . 333 448 1310 7277 827 100 Parts Sabotaged . | . . . . . . . Parts Stolen . | . . . . . . . Parts Stripped . | . . . . . . . Power Chain Reactions 2 | . . . 1 . 1 . Alert | -11 -10 -10 -10 -8 -8 -8 ------- Run | Yrd Mat Min Sub Mat Gar Mat Maximum Alert Level 5 | . . 1 . 2 5 4 Low Security (%) 45 | 100 100 74 . 19 7 . Level 1 19 | . . 25 . 42 6 . Level 2 19 | . . . . 38 38 . Level 3 8 | . . . . . 13 99 Level 4 5 | . . . . . 32 . Level 5 . | . . . . . 1 . High Security . | . . . . . . . Max Security . | . . . . . . . Peak Influence 1789 | 10 110 299 . 472 1789 1130 Initial 871 | . 3 12 . . 184 871 Average 333 | 1 36 122 . 298 836 932 Influence Increases 4817 | 40 555 489 20 1227 1745 741 Destroy 0b10 Robot/C 2360 | . 300 140 20 760 700 440 Destroy 0b10 Robot/NC 280 | 40 75 5 . 120 . 40 Destroy Leader 408 | . 70 30 . 178 30 100 Allied During Kill 171 | . . 3 . 1 130 37 Successful Hack 94 | . 49 . . 38 . 7 Select Force Hacks 30 | . 30 . . . . . Disable Machine 330 | . . 255 . 15 15 45 Anti-Garrison Action 700 | . . . . . 700 . Destroy Structure 234 | . 1 56 . 25 110 42 Lose Combat Pursuer 210 | . 30 . . 90 60 30 Influence Decreases 2574 | 35 526 363 85 943 140 482 Time Decay 1994 | 35 516 363 75 613 . 392 Lost Part 140 | . 10 . 10 30 40 50 Lost Ally 140 | . . . . . 100 40 Purge Threat 300 | . . . . 300 . . Squads Dispatched 14 | . 3 . . 3 . 8 Investigation 3 | . 1 . . . . 2 Extermination . | . . . . . . . Reinforcement 9 | . 2 . . 3 . 4 Assault 1 | . . . . . . 1 Garrison 1 | . . . . . . 1 Intercept . | . . . . . . . Searches Triggered . | . . . . . . . Construction Impeded . | . . . . . . . Haulers Reinforced . | . . . . . . . Active Scanning Responses . | . . . . . . . Cargo Convoy Interrupts . | . . . . . . . Stealth | -11 -10 -10 -10 -8 -8 -8 --------- Run | Yrd Mat Min Sub Mat Gar Mat Distress Signals 8 | . 1 . . 6 . 1 Communications Jammed . | . . . . . . . Distress Signals . | . . . . . . . Times Spotted 177 | . 33 8 14 61 35 26 Peak Tracking Total 7 | . 4 2 3 7 4 4 Tactical Retreats 10 | . 2 . . 3 3 2 Traps | -11 -10 -10 -10 -8 -8 -8 ------- Run | Yrd Mat Min Sub Mat Gar Mat Traps Triggered 7 | . 3 . . . 4 . Indirectly . | . . . . . . . Trap Hack Attempts . | . . . . . . . Triggered . | . . . . . . . Disarmed . | . . . . . . . Reprogrammed . | . . . . . . . Reused . | . . . . . . . Traps Extracted . | . . . . . . . Installed . | . . . . . . . Triggered . | . . . . . . . Machines | -11 -10 -10 -10 -8 -8 -8 ---------- Run | Yrd Mat Min Sub Mat Gar Mat Machines Disabled 28 | . . 17 . 1 7 3 Max in Single Turn 12 | . . 12 . 1 1 1 Garrison Relay 4 | . . . . . 4 . Phase Generator 1 | . . . . . 1 . Machines Repaired . | . . . . . . . Machines Dismantled . | . . . . . . . Machines Sabotaged . | . . . . . . . Overloaded Fab Kills . | . . . . . . . Hacking | -11 -10 -10 -10 -8 -8 -8 --------- Run | Yrd Mat Min Sub Mat Gar Mat Machines Accessed 31 | . 8 . . 17 2 4 Terminals 19 | . 5 . . 11 2 1 Fabricators . | . . . . . . . Repair Stations 3 | . 1 . . 2 . . Recycling Units 4 | . 2 . . 1 . 1 Scanalyzers 3 | . . . . 2 . 1 Garrison Access 2 | . . . . 1 . 1 Total Hacks 107 | . 25 . . 60 6 16 Successful 65 | . 15 . . 40 1 9 Failed 42 | . 10 . . 20 5 7 Catastrophic 8 | . 4 . . 1 2 1 Database Lockouts . | . . . . . . . Manual 50 | . 17 . . 30 1 2 Terminals 60 | . 15 . . 37 6 2 Fabricators . | . . . . . . . Repair Stations 14 | . 7 . . 7 . . Recycling Units 8 | . 3 . . 4 . 1 Scanalyzers 20 | . . . . 9 . 11 Garrison Access 5 | . . . . 3 . 2 Terminal Hacks 13 | . 3 . . 9 1 . Part Schematic 3 | . 1 . . 2 . . Robot Analysis 2 | . 2 . . . . . Prototype ID Bank 2 | . . . . 2 . . Branch Access Points 1 | . . . . 1 . . Emergency Access Points 1 | . . . . . 1 . Alert Level 1 | . . . . 1 . . Unreport Threat 2 | . . . . 2 . . Locate Traps 1 | . . . . 1 . . Fabricator Hacks . | . . . . . . . Repair Station Hacks 12 | . 6 . . 6 . . Scan Component 6 | . 3 . . 3 . . Repair 6 | . 3 . . 3 . . Recycling Unit Hacks 3 | . 1 . . 1 . 1 Retrieve Components 3 | . 1 . . 1 . 1 Scanalyzer 15 | . . . . 8 . 7 Insert Component 7 | . . . . 4 . 3 Analyze 8 | . . . . 4 . 4 Garrison Access Hacks 2 | . . . . 2 . . Unlock Access 1 | . . . . 1 . . Coupler Status 1 | . . . . 1 . . Unauthorized Hacks 20 | . 5 . . 14 . 1 Terminals 16 | . 4 . . 11 . 1 Botnet 4 | . 1 . . 3 . . Disrupt 1 | . . . . . . 1 Operators 1 | . . . . 1 . . Skim 10 | . 3 . . 7 . . Fabricators . | . . . . . . . Repair Stations . | . . . . . . . Recycling Units 4 | . 1 . . 3 . . Reject 1 | . . . . 1 . . Recyclers 1 | . . . . 1 . . Mask 1 | . . . . 1 . . Tunnel 1 | . 1 . . . . . Scanalyzers . | . . . . . . . Garrison Access . | . . . . . . . Data Cores Recovered 1 | . . . . 1 . . Used . | . . . . . . . Hacking Detections 28 | . 7 . . 15 2 4 Full Trace Events 4 | . 1 . . 1 1 1 Feedback Events 1 | . . . . . 1 . Corruption 1 | . . . . . 1 . Feedback Blocked . | . . . . . . . Robot Schematics Acquired . | . . . . . . . Robots Built . | . . . . . . . Authchips . | . . . . . . . Time . | . . . . . . . Total Robot Build Rating . | . . . . . . . Part Schematics Acquired 10 | . 1 . . 6 . 3 Parts Built . | . . . . . . . Authchips . | . . . . . . . Time . | . . . . . . . Total Part Build Rating . | . . . . . . . Parts Repaired 6 | . 3 . . 3 . . Time 274 | . 78 . . 196 . . Parts Recycled . | . . . . . . . Recycled Matter . | . . . . . . . Retrieved Matter . | . . . . . . . Retrieved Components 28 | . 9 . . 9 . 10 Parts Scanalyzed 7 | . . . . 4 . 3 Part Schematics Acquired 7 | . . . . 4 . 3 Parts Damaged . | . . . . . . . Bothacking | -11 -10 -10 -10 -8 -8 -8 ------------ Run | Yrd Mat Min Sub Mat Gar Mat Used RIF Installer . | . . . . . . . Robots Hacked . | . . . . . . . Non-combat . | . . . . . . . Combat . | . . . . . . . Robot Hacks Applied . | . . . . . . . Relay Couplers Released 12 | . . . . . 12 . Machine Destruction 12 | . . . . . 12 . Fabnet Peak Effective % . | . . . . . . . Robots Rewired 11 | . . . . . 11 . Allies Hacked 1 | . . . . . 1 . Hacks Repelled . | . . . . . . . Allies | -11 -10 -10 -10 -8 -8 -8 -------- Run | Yrd Mat Min Sub Mat Gar Mat Total Allies 15 | . . 2 . 2 11 . Largest Group 11 | . . 2 . 1 11 4 Highest-Rated Group 196 | . . 46 . 16 196 84 Highest-Rated Ally 39 | . . 31 . 16 39 31 Total Orders . | . . . . . . . Ally Attacks 140 | . . 16 . 5 67 52 Total Damage 1884 | . . 248 . 51 860 725 Kills 21 | . . 4 . . 11 6 Allies Corrupted . | . . . . . . . Allies Melted . | . . . . . . . Intel | -11 -10 -10 -10 -8 -8 -8 ------- Run | Yrd Mat Min Sub Mat Gar Mat Active Infowar (turns) 6825 | 283 3332 1950 429 829 2 . Sensors 455 | . . 1 49 403 2 . Terrain 5620 | . 3245 1949 . 426 . . Seismic 750 | 283 87 . 380 . . . Robot Analysis Total 2 | . 2 . . . . . Derelict Logs Recovered 1 | . . 1 . . . . Drone Launches . | . . . . . . . Drone Recoveries . | . . . . . . . Exploration | -11 -10 -10 -10 -8 -8 -8 ------------- Run | Yrd Mat Min Sub Mat Gar Mat Turns Passed 16224 | 369 3332 1950 2537 4842 2264 930 Spaces Moved 5118 | 156 945 479 703 1764 756 315 Core 2 | 2 . . . . . . Treads 4949 | 154 945 479 703 1597 756 315 Legs . | . . . . . . . Wheels 167 | . . . . 167 . . Hover . | . . . . . . . Flight . | . . . . . . . Fastest Speed 50 | 50 160 320 320 160 240 240 Average Speed 266 | 158 304 320 325 233 241 240 Slowest Speed 480 | 160 480 320 480 245 480 240 Overloaded Moves . | . . . . . . . Propulsion Burnouts . | . . . . . . . Robots Hopped . | . . . . . . . Cave-ins Triggered 1 | . . . 1 . . . Exploration Rate (%) 65 | 7 98 96 57 88 84 25 Regions Visited 6 Branch Regions 2 Pre-discovered Areas 3 | . 1 1 1 . . . Known Exits Taken 1 | . . . . 1 . . Unknown Exits Taken 4 | 1 1 1 1 . . . Scrap Searched 9 | . . 1 8 . . . Spaces Dug 19 | . . 4 10 2 3 . Terrain Destroyed 282 | . . 71 45 15 106 45 Melee 2 | . . . . 2 . . Projectile 69 | . . 5 1 13 22 28 AOE 211 | . . 66 44 . 84 17 Terrain Rammed . | . . . . . . . Walls Destroyed . | . . . . . . . Machines Disabled . | . . . . . . . Actions | -11 -10 -10 -10 -8 -8 -8 --------- Run | Yrd Mat Min Sub Mat Gar Mat Total 6775 | 211 1202 861 831 2219 1059 392 Wait 626 | . 104 321 7 137 38 19 Move 5113 | 155 944 478 702 1764 755 315 Hop . | . . . . . . . Pick Up 111 | 10 25 14 13 38 10 1 Fast Attach 54 | 7 4 . 3 20 18 2 Attach 29 | . 3 . 14 8 2 2 Detach 8 | . . . 1 5 2 . Swap 89 | . 10 4 14 42 17 2 Drop 113 | 3 7 13 2 58 28 2 Fire 508 | 36 104 31 68 136 84 49 Melee 17 | . . . 7 10 . . Ram . | . . . . . . . Kick . | . . . . . . . Crush 2 | . 1 . . 1 . . Escape Stasis 8 | . . . . . 8 . Rewire 97 | . . . . . 97 . Trap . | . . . . . . . Miscellaneous . | . . . . . . . Route ------- -11/Scrapyard -10/Materials (discovered 4 exits: [*Mat x3] / [*Min]) -10/Mines (discovered 3 exits: [*Mat x2] / [*Sub]) -10/Subcaves -8/Materials (discovered 4 exits: *Fac x3 / Gar) -8/Garrison (discovered 3 exits: *Mat x3) -8/Materials History --------- Turn | Location | Event 10 | -11/Scrapyard | Discovered new exit (range 15) 370 | -11/Scrapyard | Entered Materials 371 | -10/Materials | Build established: Mutant 790 | -10/Materials | Discovered new exit (range 9) 1458 | -10/Materials | Discovered new exit (range 11) 1990 | -10/Materials | Discovered new exit (range 16) 2626 | -10/Materials | Repaired Lgt. Treads 2652 | -10/Materials | Repaired Lgt. Treads 2679 | -10/Materials | Repaired Lgt. Treads 2779 | -10/Materials | Discovered new exit (range 4) 3702 | -10/Materials | Entered Mines 3703 | -10/Mines | Assembled infested the area 4121 | -10/Mines | Found a damaged Exp. Sensor Array with a note attached 4128 | -10/Mines | Found Prototype Device 4129 | -10/Mines | Identified Exp. Sensor Array 4229 | -10/Mines | Discovered new exit (range 16) 4574 | -10/Mines | Build established: Scavenger-Mutant 4635 | -10/Mines | Discovered new exit (range 7) 4794 | -10/Mines | Learned location of Mines (-9) 5468 | -10/Mines | Discovered new exit (range 8) 5652 | -10/Mines | Entered Subcaves 5920 | -10/Subcaves | Learned location of Zion (-6) 5920 | -10/Subcaves | Met a Zionite searching for "candidates" 5934 | -10/Subcaves | Core integrity fell below 50% 5940 | -10/Subcaves | Ambushed by Subdweller buried in earth 5991 | -10/Subcaves | Lost 6 parts (2n1u3w) 6018 | -10/Subcaves | Crushed by falling debris 6203 | -10/Subcaves | Build established: Mutant 6249 | -10/Subcaves | Disturbed a concealed Subdweller 6273 | -10/Subcaves | Disturbed a concealed Subdweller 6313 | -10/Subcaves | Disturbed a concealed Subdweller 6313 | -10/Subcaves | Disturbed a concealed Subdweller 7369 | -10/Subcaves | A swath of the cavern ceiling suddenly collapsed 7556 | -10/Subcaves | Shifting Twisted Machinery released Unknown Energy Gun 7690 | -10/Subcaves | Ambushed by Subdwellers from Twisted Machinery 7702 | -10/Subcaves | Core integrity fell below 20% 8027 | -10/Subcaves | Discovered new exit (range 11) 8189 | -10/Subcaves | Entered Materials 8189 | -8/Materials | Evolved 4 slots: Propulsion x2, Utility x2 8965 | -8/Materials | Repaired Mak. Light Armor Plating? 9225 | -8/Materials | Build established: Scavenger-Mutant 10395 | -8/Materials | Discovered new exit (range 5) 10495 | -8/Materials | Identified exit to Factory 11637 | -8/Materials | Learned Factory trap positions 11715 | -8/Materials | Learned location of 1 exit from Storage 11732 | -8/Materials | Repaired Exp. Sensor Array? 11760 | -8/Materials | Repaired Mak. Spear? 11781 | -8/Materials | Learned location of 1 exit from Storage 11838 | -8/Materials | Learned Storage emergency access door positions 11886 | -8/Materials | Learned Factory emergency access door positions 11923 | -8/Materials | Learned Storage trap positions 11948 | -8/Materials | Learned Factory emergency access door positions 12032 | -8/Materials | Learned location of 1 exit from Extension 12037 | -8/Materials | Discovered exit to Factory (range 4) 12091 | -8/Materials | Learned Factory interactive machine intel 12162 | -8/Materials | Learned Factory security intel 12578 | -8/Materials | Discovered exit to Factory (range 16) 13030 | -8/Materials | Identified exit to Garrison 13031 | -8/Materials | Entered Garrison 13187 | -8/Garrison | Triggered checkpoint 13231 | -8/Garrison | Garrison Relay disabled 13355 | -8/Garrison | Triggered checkpoint 13554 | -8/Garrison | Spotted B-75 Beast 13568 | -8/Garrison | Core integrity fell below 50% 13598 | -8/Garrison | Destroyed B-75 Beast 13625 | -8/Garrison | Lost 4 parts (2n1u1w) 13819 | -8/Garrison | System corruption reached 10% 13872 | -8/Garrison | Discovered new exit (range 10) 13997 | -8/Garrison | Garrison Relay disabled 14155 | -8/Garrison | Triggered checkpoint 14213 | -8/Garrison | Triggered checkpoint 14227 | -8/Garrison | Triggered checkpoint 14245 | -8/Garrison | Triggered checkpoint 14248 | -8/Garrison | Discovered new exit (range 13) 14308 | -8/Garrison | Garrison Relay disabled 14905 | -8/Garrison | Triggered checkpoint 14924 | -8/Garrison | Garrison Relay disabled 14952 | -8/Garrison | Lost 3 allies 15079 | -8/Garrison | Lost 3 allies 15225 | -8/Garrison | Discovered new exit (range 3) 15230 | -8/Garrison | Identified exit to Materials 15270 | -8/Garrison | Phase Generator disabled 15295 | -8/Garrison | Entered Materials 15295 | -8/Materials | Accompanied by 4 allies 16095 | -8/Materials | First assault squad dispatched 16170 | -8/Materials | Core integrity fell below 20% 16193 | -8/Materials | Garrison activated, responded to threat 16225 | -8/Materials | Destroyed by Y-45 Defender with Beam Rifle Last Messages --------------- 16206_ ALERT: Hostile activity reported, dispatching reinforcements to area. 16208_ HV Slug penetrates B-36 Bruiser. 16208_ HV Slug penetrates Wall. 16208_ B-36 Bruiser destroyed. 16211_ HV Slug penetrates H-61 Shepherd. 16211_ Slug penetrates H-61 Shepherd. 16214_ HV Slug penetrates H-61 Shepherd. 16217_ System corrupted: FCS attempts to trigger Hyp. Coil Gun. 16217_ System corrupted: Hyp. Coil Gun misfires. 16217_ HV Slug penetrates H-61 Shepherd. 16217_ Imp. Medium Treads destroyed. 16217_ HV Slug penetrates H-61 Shepherd. 16217_ Slug penetrates H-61 Shepherd. 16220_ HV Slug penetrates H-61 Shepherd. 16220_ Slug penetrates H-61 Shepherd. 16222_ Penetrated by Slug. 16223_ HV Slug penetrates H-61 Shepherd. 16223_ H-61 Shepherd destroyed. Map ----- +----------------------------------------------------+ | | | | | | | | | | | | | | | | | ?????????????????????????????????????????##??????? | | ???????????????????????????????????????? ?????? | | ???????????????????????????????????????""" "?????? | | ???????????????????????????????????# ? """ """ """ | | ???????????????????????????????????# """ """ """ | | ???????????????????????????????????# | | ???????????????????????????????##??# """ """ """ | | ???????????????????????????##### ### ] """ """ """ | | ???????????????????????????# # """ """ """ | | ???????????????????????????# [[/ #! | | ???????????????????????????# [// # * ] | | ???????????????????????????# [/ #######+######? | | ???????????????????????????#! #???# #? | | ??????????????????????##???# ###?# #? | | ?????????????????######;####! """%# #?# " #? | | ?????????????????# % ## """ ##### "G" #? | | ?????????????????# %%!!]# "" += = "%" #? | | ?????????????????# """!@## " #### *%! #? | | ?????????????????# ""%[%%# %#### /%=[ !## | | ?????????????????# ""%=%##"###+###### = ! " | | ?????????????????# " "%Y# % = !!Y" | | ?????????????????#= =m;% = """[!"" | | ?????????????????# ;* %| """!*## | | ?????????????????# ;*%*######### """!="# | | ?????????????????#;#######;%!!#???????# ## | | ???????????????? ??????## =#???????# #? | | ??????????????? ????????# #???????### #? | | ?????????????? ?????????# ???????### #? | | ?????????????? ??????????# # ????????# #####? | | ?????????????????????????## ###########% #????? | | ?????????????????????????# ] ??# ## % #????? | | ?????????????????????????# ### % ####?? | | ???????????????????????? ] !% #?? | | ?????????????????????????# ### % #?? | | ?????????????????????????# #?# ##"#### #?? | | ?????????????????????????#### ##?### ###?????# #?? | | ?????????????????????????????!#????# #???????# #?? | | ?????????????????????????????%?????# #???????# #?? | | ????????????????????????????? ?????# #???????# #?? | | ????????????????????????????# ?????# #??????## #?? | | ????????????????????????????# ?????# #??????## #?? | | ????????????????????????????# ?????# #??????## #?? | +----------------------------------------------------+ Best States ------------- Heat Dissipation 76 Energy Generation 18 Energy Capacity 290 Matter Stores 300 Matter Capacity 300 Sight Range 16 Robot Scan Range 20 Terrain Scan Range 16 Terrain Scan Density 10 Armor Coverage 225 Resistance: KI 20 Evasion (%) 40 Targeting Accuracy 8 Recoil Reduction 4 Offensive Hacking 10 Item Schematics ----------------- ECM Suite | -10/Materials | Hacked Exp. Sensor Array | -8/Materials | Scanalyzed Multitool | -8/Materials | Scanalyzed Imp. VTOL Module | -8/Materials | Scanalyzed Mak. System Restoration Module | -8/Materials | Scanalyzed Imp. Light Armor Plating | -8/Materials | Hacked Machine Analyzer | -8/Materials | Hacked Adv. Hacking Suite | -8/Materials | Scanalyzed Nuclear Pulse Array | -8/Materials | Scanalyzed Lrn. Proton Cannon | -8/Materials | Scanalyzed Robot Schematics ------------------ None Fabricated ------------ Nothing Repaired ---------- Lgt. Treads | 3% | -10/Materials Lgt. Treads | 30% | -10/Materials Lgt. Treads | 51% | -10/Materials Mak. Light Armor Plating | 16% | -8/Materials Exp. Sensor Array | 62% | -8/Materials Mak. Spear | 30% | -8/Materials Alien Tech Used ----------------- None Achievements -------------- None Challenges ------------ None Game ------ Seed SuperdenseGravityExtractor Manual? 0 Play Time 01:15:09 Cumulative 466.5 hours Start 2024.11.17 @ 14:15:38 End 2024.11.17 @ 15:33:30 Sessions 3 Manual Loads 0 Difficulty Rogue Special Mode None Game No. 313 Rogue 308 Adventurer 5 Explorer 0 Win Type - Total 11 Types 5/0/5/0/0/0/1/0/0 Lore% 79 Gallery% 90 Achievement% 76 Wizard Run 0 Options --------- Layout 2 ASCII 0 Keyboard 0 Movement Mouse Keybinds 0 Fullscreen 2 Font 24/Smallcaps Map View 50x44 Zoom Use 0% Tactical HUD 1 Map Filters NONE Filters NONE Steam 1 RUN: a158408d-b811-45b2-8ab2-68f90a30f9ad